 Dungeon Crawl Stone Soup version 0.20.0-8-g6b59dc7 (webtiles) character file.

1027 Gorglomux the Ruffian (level 8, -2/80 HPs)
             Began as a Troll Arcane Marksman on May 31, 2017.
             Was a Believer of Okawaru.
             Slain by a wight
             ... wielding a +0 spear
              (8 damage)
             ... on level 6 of the Dungeon.
             The game lasted 00:04:20 (4577 turns).

Gorglomux the Ruffian (Troll Arcane Marksman)       Turns: 4577, Time: 00:04:20

Health: -2/80      AC:  5    Str: 19    XL:     8   Next: 3%
Magic:  8/8        EV:  9    Int:  9    God:    Okawaru [**....]
Gold:   277        SH:  0    Dex: 12    Spells: 8/9 levels left

rFire    + . .     SeeInvis .     - Unarmed
rCold    . . .     Gourm    +   (no shield)
rNeg     . . .     Faith    .   a - +0 robe
rPois    .         Spirit   .   (helmet restricted)
rElec    .         Reflect  .   (no cloak)
rCorr    .         Harm     .   (gloves unavailable)
MR       .....                  (boots unavailable)
Stlth    +.........             (no amulet)
Regen    0.7/turn               f - ring of protection from fire
MPRegen  0.2/turn               (no ring)

@: drained
A: unfitting armour, claws 3, fast metabolism 3, gourmand, regeneration 1,
shaggy fur 1, tough skin 2
a: Heroism, Renounce Religion


You were on level 6 of the Dungeon.
You worshipped Okawaru.
Okawaru was pleased with you.
You were very full.

You visited 1 branch of the dungeon, and saw 6 of its levels.

You collected 277 gold pieces.

Inventory:

Missiles
 c - 4 large rocks (quivered)
 Z - 2 throwing nets
Armour
 a - a +0 robe (worn)
Jewellery
 f - a ring of protection from fire (left claw)
Scrolls
 J - a scroll of immolation {unknown}
 N - a scroll of enchant weapon {unknown}
 O - 2 scrolls of amnesia {unknown}
 U - 4 scrolls of teleportation {unknown}
 V - 3 scrolls of magic mapping {unknown}
 W - 4 scrolls of remove curse {unknown}
 X - 7 scrolls of identify {unknown}
Potions
 K - a potion of invisibility {unknown}
 L - a potion of brilliance {unknown}
 M - a potion of agility {unknown}
 R - 2 potions of lignification {unknown}
 S - a potion of mutation {unknown}
 T - a potion of haste {unknown}
Books
 b - a book of Debilitation

   Spells                             Type                      Level
   a - Corona                         Hexes                        1
   b - Slow                           Hexes                        2
   c - Inner Flame                    Hexes/Fire                   3
   d - Portal Projectile              Hexes/Translocation          3
   e - Cause Fear                     Hexes                        4
   f - Leda's Liquefaction            Hexes/Earth                  4
Comestibles
 z - 3 meat rations
 P - 4 bread rations
 Q - 4 royal jellies
 Y - a fruit


   Skills:
 + Level 5.2(4.2) Fighting
 - Level 1.7(0.9) Throwing
 - Level 1.5(0.7) Dodging
 + Level 6.7(5.7) Unarmed Combat
 - Level 1.0(0.1) Spellcasting
 - Level 2.0(1.1) Hexes


You had 8 spell levels left.
You knew the following spells:

 Your Spells              Type           Power        Failure   Level  Hunger
a - Corona                Hex            #......      26%         1    ##.....


Dungeon Overview and Level Annotations

Branches:
Dungeon (6/15)             Temple (0/1) D:5

Altars:
Elyvilon
Fedhas
Gozag
Hepliaklqana
Kikubaaqudgha
Okawaru
Qazlal
Uskayaw
Yredelemnul

Shops:
D:4 :


Innate Abilities, Weirdness & Mutations

You are too large for most types of armour.
You have claws for hands.
Your metabolism is lightning-fast.
You like to eat raw meat.
Your natural rate of healing is unusually fast.
You are covered in fur. (AC +1)
You have very tough skin. (AC +2)


Message History

The orc hits you but does no damage.
The orc wizard points at you and mumbles some strange words.
The puff of frost hits you! The orc closely misses you.
The wight hits you from afar with a spear.
You feel drained.
You barely miss the wight.
The wight is moderately damaged.
The orc hits you. The wight hits you with a battleaxe!
* * * LOW HITPOINT WARNING * * *
The orc wizard completely misses you. The wight hits you but does no damage.
The orc hits you with a hand axe!
* * * LOW HITPOINT WARNING * * *
You are too injured to fight recklessly!
You are too injured to fight recklessly!
You are too injured to fight recklessly!
The wight hits you with a battleaxe.
* * * LOW HITPOINT WARNING * * *
You feel drained.
The wight hits you from afar with a spear!
You die...

.##.....##.##..######
...........##.##
....# ###...#
#..####...###
#......###
########.#...#####
##......#.........#
#......o...#.._##.##
.!.>...oo@.###..#..#
......z.z.## #######
.......z..#
..........#
......?...#
#......=.##
.......... ..........
..........#


You could see 3 wights, an orc wizard and 2 orcs.

Vanquished Creatures
  An ice beast (D:5)
  An orc warrior (D:6)
  An ogre (D:4)
  5 scorpions
  A crimson imp (D:5)
  A bullfrog zombie (D:5)
  2 hounds
  An orc wizard (D:3)
  A centaur skeleton (D:3)
  A bullfrog skeleton (D:6)
  2 worker ants (D:5)
  2 iguanas (D:5)
  10 adders
  A shadow imp (D:4)
  2 oozes
  An adder zombie (D:6)
  2 worms (D:2)
  3 dart slugs
  6 leopard geckos
  7 orcs
  5 bats
  A bat zombie (D:2)
  6 giant cockroaches
  8 goblins
  4 hobgoblins
  6 jackals
  A quokka (D:5)
  A ball python (D:1)
  A ball python skeleton (D:4)
  4 frilled lizards
  8 kobolds
  6 rats
102 creatures vanquished.

Notes
Turn   | Place    | Note
-------+----------+-------------------------------------------
     0 | D:1      | Gorglomux the Troll Arcane Marksman began the quest for the Orb.
     0 | D:1      | Reached XP level 1. HP: 18/18 MP: 1/1
    58 | D:1      | Reached skill level 1 in Fighting
   255 | D:1      | Reached skill level 1 in Unarmed Combat
   269 | D:1      | Reached XP level 2. HP: 24/27 MP: 2/2
   710 | D:1      | Reached XP level 3. HP: 31/33 MP: 3/3
   911 | D:2      | Found an iron altar of Okawaru.
   916 | D:2      | Reached skill level 2 in Unarmed Combat
   935 | D:2      | Became a worshipper of Warmaster Okawaru
  1476 | D:2      | Reached XP level 4. HP: 40/42 MP: 4/4
  1597 | D:2      | Reached skill level 3 in Unarmed Combat
  1608 | D:2      | Found an ancient bone altar of Kikubaaqudgha.
  1737 | D:2      | Found a basalt altar of Yredelemnul.
  1983 | D:3      | Reached XP level 5. HP: 42/50 MP: 5/5
  2032 | D:3      | Found a stormy altar of Qazlal.
  2260 | D:3      | Reached skill level 4 in Unarmed Combat
  2269 | D:3      | Found a faded altar of an unknown god.
  2595 | D:3      | Found a hazy altar of Hepliaklqana.
  2909 | D:4      | Reached skill level 3 in Fighting
  3055 | D:4      | Reached XP level 6. HP: 47/61 MP: 6/6
  3212 | D:4      | Found Dymotoit's Book Emporium.
  3308 | D:4      | Found a hide-covered altar of Uskayaw.
  3336 | D:4      | Found a white marble altar of Elyvilon.
  3706 | D:4      | Reached skill level 5 in Unarmed Combat
  3869 | D:5      | Entered Level 5 of the Dungeon
  3896 | D:5      | Reached * piety under Okawaru
  3912 | D:5      | Reached XP level 7. HP: 68/70 MP: 7/7
  3933 | D:5      | Found a blossoming altar of Fedhas.
  4161 | D:5      | Reached skill level 6 in Unarmed Combat
  4401 | D:5      | Found a staircase to the Ecumenical Temple.
  4457 | D:6      | Reached ** piety under Okawaru
  4551 | D:6      | Found an opulent altar of Gozag.
  4573 | D:6      | Reached XP level 8. HP: 57/80 MP: 8/8
  4577 | D:6      | Slain by a wight

Skill      XL: |  1  2  3  4  5  6  7 |
---------------+----------------------+-----
Fighting       | 1 2 3 4 5 |  5.2
Unarmed Combat | 1 2 3 4 5 6 |  6.7
Throwing       | |  1.7
Dodging        | |  1.5
Spellcasting   | |  1.0
Hexes          | |  2.0

Action                   |  1- 3 |  4- 6 |  7- 9 || total
-------------------------+-------+-------+-------++-------
Melee: Unarmed           |    86 |   148 |    79 ||   313
       Punch             |     1 |     2 |     3 ||     6
 Stab: Sleeping          |     1 |     1 |       ||     2
  Eat: Chunk             |    19 |    19 |     7 ||    45
Armor: Robe              |    22 |    51 |    26 ||    99
Dodge: Dodged            |    39 |    81 |    52 ||   172
